 Dungeon Crawl Stone Soup version 0.28.0-43-g3370ac3207 (webtiles) character file.

Game seed: 5059948004485268526

237 safid the Chopper (level 6, -3/52 HPs)
             Began as a Hill Orc Fighter on Mar 27, 2022.
             Killed from afar by Ijyb (19 damage)
             ... with a bolt of acid
             ... on level 3 of the Dungeon.
             The game lasted 00:05:04 (2671 turns).

safid the Chopper (Hill Orc Fighter)                Turns: 2671, Time: 00:05:05

Health: -3/52      AC: 10    Str: 27    XL:     6   Next: 6%
Magic:  6/6        EV:  4    Int:  8    God:
Gold:   147        SH:  4    Dex: 10    Spells: 5/5 levels left

rFire   . . .      SeeInvis .   a - +0 war axe
rCold   . . .      Faith    .   c - +0 buckler
rNeg    . . .      Spirit   .   i - +0 crystal plate armour
rPois   .          Reflect  .   r - +1 helmet
rElec   .          Harm     .   (no cloak)
rCorr   .          Rampage  .   (no gloves)
Will    .....                   (no boots)
Stlth   ..........              (no amulet)
HPRegen 0.17/turn               p - +6 ring of strength
MPRegen 0.10/turn               (no ring)

@: corroded
A: no striking features
a: no special abilities


You were on level 3 of the Dungeon.
You visited 1 branch of the dungeon, and saw 3 of its levels.

You collected 147 gold pieces.

Inventory:

Hand Weapons
 a - a +0 war axe (weapon)
Missiles
 e - 6 boomerangs (quivered)
Armour
 c - a +0 buckler (worn)
 i - a +0 crystal plate armour (worn)
 r - a +1 helmet (worn)
Jewellery
 p - a +6 ring of strength (left hand)
Scrolls
 b - 4 scrolls of identify {unknown}
 f - 4 scrolls of teleportation {unknown}
 l - a scroll of holy word {unknown}
 m - a scroll of fog {unknown}
 n - a scroll of noise {unknown}
Potions
 d - 3 potions of might
 g - a potion of cancellation {unknown}
 h - a potion of heal wounds {unknown}
 j - a potion of curing
 k - a potion of haste {unknown}
 o - a potion of brilliance {unknown}
 q - a potion of flight {unknown}


   Skills:
 - Level 4.0 Fighting
 + Level 6.9 Axes
 - Level 4.0 Armour
 - Level 4.0 Shields


You had 5 spell levels left.
You didn't know any spells.
Your spell library contained the following spells:

 Spells                   Type           Power      Damage    Failure   Level
 Blink                    Tloc           0%         N/A       100%        2
 Lesser Beckoning         Tloc           0%         N/A       100%        3
 Manifold Assault         Tloc           0%         N/A       100%        5


Dungeon Overview and Level Annotations

Branches:
Dungeon (3/15)

Altars:
Fedhas

Shops:
D:1 =

Annotations:
D:3 Ijyb


Message History

You kill the kobold!
No target in view!
No target in view!
No target in view!
No target in view!
No target in view!
No target in view!
No target in view!
No target in view!
Ijyb the Twisted Goblin comes into view.
She is wielding a +0 club and carrying a wand of acid (4).
Ijyb shouts!
Ijyb zaps a wand.
The bolt of acid hits you!
There is an open door here.
You see here a hobgoblin corpse.
Ijyb zaps a wand.
The bolt of acid hits you! The acid corrodes you!
You barely miss Ijyb. You block Ijyb's attack.
You closely miss Ijyb.
Ijyb zaps a wand.
The bolt of acid hits you!!
Ouch! That really hurt!
* * * LOW HITPOINT WARNING * * *
The acid corrodes you! You block Ijyb's attack.
You are too injured to fight recklessly!
You are too injured to fight recklessly!
You are too injured to fight recklessly!
You are too injured to fight recklessly!
You are too injured to fight recklessly!
You are too injured to fight recklessly!
Unknown command.
You hit Ijyb but do no damage. Ijyb hits you but does no damage.
Unknown command.
You barely miss Ijyb. Ijyb hits you but does no damage.
Unknown command.
You hit Ijyb but do no damage. Ijyb hits you with a +0 club.
* * * LOW HITPOINT WARNING * * *
It was a potion of curing.
You feel better. Ijyb hits you but does no damage.
You hit Ijyb but do no damage. Ijyb hits you but does no damage.
Unknown command.
You hit Ijyb but do no damage.
Ijyb screams, "Die!"
Ijyb zaps a wand.
The bolt of acid hits you!!
You die...

.....#
#....######## ####
##.#......... ###
.... ##...########
#.. #### ....##
#### #.### ####
##.## ##$..###...#
#...# #.#
##.....##...##.....
#.#
#.......#...#......
### #.#
#..$.g@.†...'......
#.. #.#
#.......#.).#....
### #.#
##.....##...# . #.#
##...###...# #####
#.# #### #...#
####.... #...#
#...# #...#####
.....##...##.....
###
......#...#......
#..
.(....'.†.†....(.
###


You could see Ijyb.

Vanquished Creatures
  An orc wizard (D:3)
  3 gnolls (D:2)
  9 adders
  A worm (D:2)
  3 dart slugs
  5 orcs
  7 endoplasms
  2 giant cockroaches
  10 goblins
  9 hobgoblins
  9 kobolds
  7 quokkas
  10 ball pythons
  6 bats
  3 frilled lizards
  3 rats
88 creatures vanquished.

Vanquished Creatures (others)
  A plant (D:2)
1 creature vanquished.

Grand Total: 89 creatures vanquished

Notes
Turn   | Place    | Note
-------+----------+-------------------------------------------
     0 | D:1      | safid the Hill Orc Fighter began the quest for the Orb.
     0 | D:1      | Reached XP level 1. HP: 19/19 MP: 1/1
   133 | D:1      | Reached XP level 2. HP: 16/27 MP: 2/2
   144 | D:1      | Reached skill level 3 in Axes
   378 | D:1      | Found a faded altar of an unknown god.
   673 | D:1      | Found Ari Maipp's Jewellery Shoppe.
   816 | D:2      | Reached XP level 3. HP: 33/33 MP: 3/3
   827 | D:2      | Reached XP level 4. HP: 31/40 MP: 4/4
   830 | D:2      | Reached skill level 4 in Axes
   955 | D:2      | Reached skill level 5 in Axes
  1164 | D:2      | Reached XP level 5. HP: 41/46 MP: 5/5
  1724 | D:2      | Found a blossoming altar of Fedhas.
  1828 | D:2      | Reached skill level 6 in Axes
  2574 | D:3      | Reached XP level 6. HP: 52/52 MP: 6/6
  2660 | D:3      | Noticed Ijyb
  2671 | D:3      | Killed from afar by Ijyb

Illustrated notes

Levels and vault maps discovered:
D:1:      amcnicky_arrival_flooded_fountain, layout_rooms,
          chequers_ecumenical_altar_island, serial_shops, shop
D:2:      layout_rooms, basic_altar, serial_bayou_pond_d,
          hangedman_abyss_or_decor_stabs, minmay_joined_circles
D:3:      kennysheep_six_static_rooms, layout_loops_corners, uniq_ijyb

Skill      XL: |  1  2  3  4  5 |
---------------+----------------+-----
Axes           | 3 5 6 |  6.9
Fighting       | 4 |  4.0
Armour         | 4 |  4.0
Shields        | 4 |  4.0

Action                   |  1- 3 |  4- 6 || total
-------------------------+-------+-------++-------
Melee: War axe           |    61 |   147 ||   208
  Use: Potion            |       |     1 ||     1
Armor: Scale mail        |    10 |       ||    10
       Crystal plate arm |    62 |   176 ||   238
Dodge: Dodged            |     9 |    14 ||    23
Block: Buckler           |    24 |    31 ||    55
